 Dungeon Crawl Stone Soup version 0.16-a0-702-gf4f471d (webtiles) character file.

99929 PolkaDot the Black Belt (level 15, 0/141 HPs)
             Began as a Pale Draconian Monk on Sept 20, 2014.
             Was a Plaything of Xom.
             Succumbed to a swamp dragon's poison gas
             ... on Level 2 of the Swamp.
             The game lasted 02:04:59 (33589 turns).

PolkaDot the Black Belt (Pale Draconian Monk)      Turns: 33589, Time: 02:04:59

HP   0/141       AC 17     Str 17      XL: 15   Next: 79%
MP  15/15        EV 28     Int 10      God: Xom
Gold 2032        SH  0     Dex 20      Spells:  4 memorised,  7 levels left

rFire  + . .     SeeInvis .       - Unarmed
rCold  . . .     Clarity  +     (armour unavailable)
rNeg   . . .     rCorr    .     (no shield)
rPois  .         rRot     .     l - +2 hat
rElec  +         Spirit   .     X - +2 cloak {MR+} {god gift}
SustAb +         Warding  .     e - +1 pair of gloves {Str+3}
rMut   .         Stasis   .     k - +0 pair of boots
Gourm  .                        w - amulet of clarity
MR     ++...                    a - ring of sustain abilities
                                B - +4 ring of evasion

@: lethally poisoned, very slightly contaminated, very resistant to hostile
enchantments, unstealthy
A: breathe steam, unfitting armour, claws 1, talons 1, blurry vision 1,
deterioration 1, fire resistance 1, mutation resistance 1, electricity
resistance, wild magic 1, cold-blooded, AC +9
a: Breathe Steam, Renounce Religion


You were on level 2 of the Swamp.
You worshipped Xom.
You were a toy of Xom.
You were not hungry.

You visited 4 branches of the dungeon, and saw 26 of its levels.
You also visited: Ossuary.

You collected 2233 gold pieces.
You spent 201 gold pieces at shops.

Inventory:

Missiles
 L - 6 throwing nets (quivered)
Armour
 e - a +1 pair of gloves of strength (worn)
 k - a +0 pair of boots (worn)
 l - a +2 hat (worn)
 X - a +2 cloak of magic resistance (worn) {god gift}
Magical devices
 h - a wand of enslavement (8)
 j - a wand of enslavement (11)
 m - a wand of fireball (5)
 n - a wand of random effects (5)
 p - a wand of flame (8)
 x - a wand of confusion (10)
 y - a wand of random effects (1)
 H - a wand of paralysis (9)
 N - a wand of slowing (10)
 R - a wand of digging (2)
 U - a wand of polymorph (15)
Comestibles
 b - 19 bread rations
 f - 10 beef jerkies
 g - 15 meat rations
 D - 14 royal jellies
 I - 25 fruits
 K - a slice of pizza
 P - 2 rotting chunks of hog flesh
 Q - 4 rotting chunks of alligator flesh
 Y - a rotting chunk of human flesh
Scrolls
 c - 5 scrolls of enchant weapon
 d - 4 scrolls of recharging
 o - 5 scrolls of amnesia
 r - a scroll of brand weapon
 s - 11 scrolls of remove curse
 t - 3 scrolls of vulnerability
 u - 2 scrolls of teleportation
 A - a scroll of identify
 E - 3 scrolls of silence
 F - a scroll of summoning
 J - 3 scrolls of blinking
 S - 2 scrolls of magic mapping
 T - 3 scrolls of immolation
Jewellery
 a - a ring of sustain abilities (right hand)
 w - an amulet of clarity (around neck)
 z - an uncursed amulet of resist corrosion
 B - a +4 ring of evasion (left hand)
 G - an uncursed ring of positive energy {unknown}
 M - an uncursed ring of protection from fire
 V - an uncursed amulet of resist mutation
Potions
 q - 2 potions of restore abilities
 v - a potion of curing
 C - 4 potions of cancellation
 W - a potion of brilliance
Books
 i - a book of Burglary

   Spells                             Type                      Level
   *Swiftness                         Charms/Air                   2
   Passwall                           Transmutation/Earth          3
   Passage of Golubria                Translocation                4
   Lee's Rapid Deconstruction         Earth                        5
   Invisibility                       Hexes                        6
   Darkness                           Hexes                        7
 O - a book of Envenomations

   Spells                             Type                      Level
   Spider Form                        Transmutation/Poison         3
   Alistair's Intoxication            Transmutation/Poison         4
   Olgreb's Toxic Radiance            Poison                       4
   Poisonous Cloud                    Conjuration/Poison/Air       6


   Skills:
 + Level 15.3 Fighting
 + Level 13.3 Dodging
 - Level 1.7 Stealth
 * Level 19.3 Unarmed Combat


You had 7 spell levels left.
You knew the following spells:

 Your Spells              Type           Power        Failure   Level  Hunger
a - Swiftness             Chrm/Air       #.......     75%         2    ###....
b - Repel Missiles        Chrm/Air       #.....       75%         2    ###....
q - Blink                 Tloc           N/A          75%         2    ###....
A - Apportation           Tloc           #.........   54%         1    ##.....


Dungeon Overview and Level Annotations

Branches:
Dungeon (15/15)            Temple (1/1) D:5             Orc (0/4) D:9
   Lair (8/8) D:9           Swamp (2/5) Lair:5       Spider (0/5) Lair:4
  Slime (0/6) Lair:7       Vaults (0/5) D:13         Depths (0/5) D:15

Altars:
Ashenzari
Cheibriados
Dithmenos
Elyvilon
Fedhas
Gozag
Kikubaaqudgha
Makhleb
Nemelex Xobeh
Okawaru
Qazlal
Ru
Sif Muna
Trog
Vehumet
Xom
Yredelemnul
Zin
The Shining One
Beogh

Shops:
D:5 *   D:10 [![

Annotations:
Lair:8 exclusion: oklob plant
Swamp:2 Donald


Innate Abilities, Weirdness & Mutations

You can breathe blasts of scalding steam.
Your pale cyan-grey scales are hard (AC +9).
Your body does not fit into most forms of armour.
Your cold-blooded metabolism reacts poorly to cold.
You have sharp fingernails.
You have sharp toenails.
Your vision is a little blurry.
Your body is slowly deteriorating.
Your flesh is heat resistant.
You are somewhat resistant to further mutation.
You are resistant to electric shocks.
Your spells are a little harder to cast, but a little more powerful.


Message History

Drink which item? (? for menu, Esc to quit)
Okay, then.
Read which item? (? for menu, Esc to quit)
The writing blurs in front of your eyes.
You are engulfed in poison gas.
You are more poisoned.
* * * LOW HITPOINT WARNING * * *
x2 You feel very sick.
The swamp drake closely misses you.
The alligator closely misses the swamp drake.
The alligator tail-slaps the swamp drake!
The swamp drake dies!
The shadow misses you.
Read which item? (? for menu, Esc to quit)
Blink to where?
Press: ? - help, Dir - move target cursor
As you read the scroll of blinking, it crumbles to dust.
You are very lightly contaminated with residual magic.
You die...
Xom giggles madly!

♣♣W§♣ ♣..♣ ♣..♣♣ ♣♣≈.♣
♣≈≈.♣ ♣.≈.♣ ♣♣..♣ ♣≈..♣
♣.≈♣♣ ♣≈..♣ ♣.≈.♣ ♣...♣
♣♣≈≈.♣♣ ♣≈≈.♣ .≈≈≈
♣♣..≈.≈♣♣ ♣..♣♣
♣..≈.≈.♣ ♣.@≈≈≈≈≈♣
♣..♣♣
♣.♣≈≈>♣.♣♣♣♣♣..≈§≈.♣♣
♣....
♣.≈≈≈≈...♣≈♣....≈...♣
♣♣≈./.
♣♣...≈>♣...≈..♣.♣♣.≈.♣♣
♣≈≈≈≈≈
♣..≈≈≈≈≈.≈≈≈≈≈≈<♣♣≈.≈.♣
♣...≈.
♣.♣≈≈≈♣≈≈≈..≈≈..♣♣♣.≈.♣
♣♣.§≈§≈
♣♣≈≈≈≈≈..≈≈≈.≈≈.♣♣
♣.≈.♣♣♣≈§.≈.♣
♣.≈......≈≈≈)...♣
♣♣≈≈≈♣♣≈.≈♣♣♣
♣♣.≈♣♣≈.....≈.≈≈≈♣
♣...♣♣≈.≈≈♣


There were no monsters in sight!

Vanquished Creatures
  Rupert (Lair:6)
  Kirke (Swamp:2)
  The ghost of FiftyNine the Conjurer, a mighty OpVM of Gozag (Swamp:1)
  A dire elephant (D:15)
  A fire dragon (D:15)
  A vault guard (D:13)
  9 hydras
  Harold (D:13)
  2 satyrs
  16 death yaks
  A centaur warrior (D:13)
  3 alligators
  2 tengu warriors (D:15)
  Urug (D:13)
  Nergalle (Lair:4)
  3 unseen horrors
  8 hill giants
  A wolf spider (Lair:4)
  2 griffons
  11 ugly things
  4 cyclopes
  A manticore (D:15)
  6 black mambas
  A salamander (D:15)
  Maurice (D:8)
  Joseph (D:8)
  6 elephants (Lair:8)
  12 spiny frogs
  2 torpor snails (Lair:4)
  An orange demon (Lair:2)
  A centaur skeleton (D:11)
  A gargoyle (D:13)
  3 fire drakes
  3 komodo dragons (Lair:8)
  A kobold demonologist (D:15)
  4 wandering mushrooms (D:12)
  A spriggan druid (Lair:8)
  Grinder (D:3)
  A queen bee (Lair:6)
  2 trolls
  A giant leech (Lair:5)
  9 polar bears (Lair:8)
  A two-headed ogre (D:9)
  23 blink frogs
  A blue devil (D:15)
  3 ravens
  4 slime creatures (D:11)
  4 baby alligators (Swamp:1)
  A griffon zombie (D:14)
  A bog body (Swamp:1)
  A hydra skeleton (D:15)
  2 boulder beetles
  2 basilisks (D:13)
  3 wyverns
  A shadow (D:11)
  A wraith (D:15)
  A hill giant zombie (D:11)
  16 spriggans
  4 redbacks (Lair:8)
  2 steam dragons
  A neqoxec (Swamp:2)
  44 yaks
  3 hogs (Swamp:2)
  A hill giant skeleton (D:14)
  14 hippogriffs
  2 hungry ghosts
  A spatial vortex (Lair:6)
  10 swamp worms
  27 wolves
  13 water moccasins
  A vampire mosquito (D:11)
  Menkaure (Ossuary)
  The ghost of Mygna the Insei, an average GrTm (D:4)
  6 yellow wasps
  8 porcupines
  4 swamp drakes
  7 sky beasts
  A phantom (D:11)
  2 necrophages
  11 black bears
  8 orc warriors
  9 centaurs
  A manticore skeleton (D:15)
  10 ogres
  4 ice beasts
  4 boring beetles
  14 crocodiles
  A gnoll sergeant (D:10)
  A komodo dragon zombie (D:13)
  Blork the orc (D:5)
  6 big kobolds
  An elf zombie (Ossuary)
  20 giant frogs
  3 insubstantial wisps (Swamp:2)
  A cyclops skeleton (D:9)
  4 scorpions
  A hippogriff zombie (D:9)
  2 oklob saplings (D:12)
  A yak zombie (D:9)
  33 killer bees
  12 wights
  6 electric eels
  2 yak skeletons (D:9)
  5 centaur zombies
  2 quasits
  A giant frog zombie (D:9)
  3 goliath beetles
  9 orc priests
  3 jellies
  5 crimson imps
  8 hounds
  A wyvern simulacrum (D:11)
  2 gnoll shamans (D:10)
  14 iguanas
  3 iron imps
  Natasha (twice) (D:3)
  21 orc wizards
  7 orange rats (Lair:4)
  10 worker ants
  27 sheep
  2 ogre zombies
  Ijyb (D:2)
  A big kobold zombie (Ossuary)
  A hound zombie (D:11)
  A necrophage skeleton (D:9)
  A hound skeleton (D:7)
  An ogre skeleton (D:4)
  8 mummies
  20 gnolls
  2 orc zombies
  2 gnoll zombies
  40 green rats
  An orc skeleton (D:8)
  32 adders
  4 giant mites
  8 shadow imps
  3 white imps
  A worm (D:4)
  4 ufetubi
  An iguana zombie (D:6)
  4 adder zombies (Ossuary)
  An iguana skeleton (D:11)
  6 giant geckos
  70 orcs
  16 bats
  2 bat zombies
  5 giant cockroaches
  16 hobgoblins
  13 jackals
  37 kobolds
  14 quokkas
  2 ball pythons
  2 giant newts
  2 giant spores
  9 goblins
  A goblin zombie (Ossuary)
  A hobgoblin skeleton (D:4)
  6 hobgoblin zombies
  4 kobold zombies
  3 quokka zombies (Ossuary)
  18 rats
  8 rat zombies
  37 ballistomycetes
  A plant (Lair:8)
1039 creatures vanquished.

Vanquished Creatures (collateral kills)
  A hill giant (D:10)
  An elephant (Lair:8)
  A spiny frog (Lair:5)
  A gargoyle (D:11)
  A troll (D:10)
  2 blink frogs
  A yak (D:12)
  An ogre (D:10)
  2 giant frogs
  A scorpion (D:10)
  A killer bee (D:10)
  2 wights (D:12)
  An ogre skeleton (D:10)
  A gnoll (D:10)
  A bat (D:10)
  3 kobolds (D:10)
  2 ballistomycetes (D:11)
23 creatures vanquished.

Vanquished Creatures (others)
  An elephant (Lair:8)
  A torpor snail (Lair:8)
  A blue devil (D:12)
  A blink frog (Lair:7)
  A vampire (D:13)
  A hog (Swamp:2)
  3 swamp drakes (Swamp:2)
  A scorpion (Lair:8)
  An insubstantial wisp (Swamp:2)
  3 quasits (Lair:6)
  A hound (D:13)
  4 iron imps
  2 worker ants
  8 sheep (Lair:8)
  Natasha (D:3)
  A green rat (Lair:2)
  2 shadow imps
  3 white imps
  4 ufetubi
  3 giant spores
  A quokka (Lair:5)
  23 fungi
  24 plants
91 creatures vanquished.

Grand Total: 1153 creatures vanquished

Notes
Turn   | Place    | Note
--------------------------------------------------------------
     0 | D:1      | PolkaDot, the Draconian Monk, began the quest for the Orb.
     0 | D:1      | Reached XP level 1. HP: 19/19 MP: 1/1
   311 | D:1      | Reached XP level 2. HP: 23/26 MP: 2/2
  1096 | D:2      | Reached XP level 3. HP: 15/31 MP: 3/3
  1730 | D:3      | Found a shattered altar of Ashenzari.
  1730 | D:3      | Noticed Natasha
  1730 | D:3      | Noticed Ijyb
  1798 | D:2      | Killed Ijyb
  1901 | D:3      | Killed Natasha
  1901 | D:3      | Reached XP level 4. HP: 33/40 MP: 4/4
  1935 | D:3      | Noticed Natasha
  1948 | D:3      | Killed Natasha
  1948 | D:3      | Reached skill level 5 in Unarmed Combat
  2111 | D:3      | Found an iron altar of Okawaru.
  2518 | D:3      | Reached XP level 5. HP: 46/46 MP: 5/5
  2519 | D:3      | Noticed Natasha
  2524 | D:3      | Killed Natasha
  2675 | D:3      | Noticed Grinder
  2684 | D:3      | Killed Grinder
  2684 | D:3      | Reached skill level 5 in Fighting
  2684 | D:3      | Reached skill level 6 in Unarmed Combat
  2684 | D:3      | Reached XP level 6. HP: 47/56 MP: 6/6
  3002 | D:3      | Found an opulent altar of Gozag.
  3150 | D:4      | Gained mutation: Your flesh is heat resistant. [potion of mutation]
  3150 | D:4      | Gained mutation: You are dopey. (Int -2) [potion of mutation]
  3150 | D:4      | Gained mutation: You are somewhat resistant to further mutation. [potion of mutation]
  3838 | D:4      | Your scales start fading to a pale cyan-grey colour.
  3838 | D:4      | Reached XP level 7. HP: 57/61 MP: 7/7
  4395 | D:4      | Noticed Mygna's ghost (average GrTm)
  4425 | D:4      | Killed Mygna's ghost
  4497 | D:4      | Reached skill level 7 in Unarmed Combat
  4688 | D:5      | Entered Level 5 of the Dungeon
  4729 | D:5      | Found Mehawaq's Assorted Antiques.
  5008 | D:5      | Noticed Blork the orc
  5009 | D:5      | Found a staircase to the Ecumenical Temple.
  5047 | Temple   | Entered the Ecumenical Temple
  5361 | D:5      | Killed Blork the orc
  5677 | D:5      | Reached skill level 5 in Dodging
  5804 | D:5      | Reached XP level 8. HP: 70/70 MP: 8/8
  6494 | D:6      | Reached skill level 8 in Unarmed Combat
  7089 | D:6      | Found a bloodstained altar of Trog.
  7680 | D:6      | Learned a level 1 spell: Apportation
  7683 | D:6      | Learned a level 2 spell: Swiftness
  7722 | D:6      | Reached skill level 9 in Unarmed Combat
  7892 | D:7      | Identified a scroll of acquirement
  8079 | D:7      | Found a sand-covered staircase.
  8084 | Ossuary  | Entered an ossuary
  8122 | Ossuary  | Reached XP level 9. HP: 77/79 MP: 9/9
  8351 | Ossuary  | Noticed Menkaure
  8353 | Ossuary  | Gained mutation: You have sharp toenails. [potion of mutation]
  8363 | Ossuary  | Killed Menkaure
  8988 | D:7      | Reached skill level 10 in Unarmed Combat
  9741 | D:8      | Noticed Maurice
  9824 | D:8      | Found a shattered altar of Ashenzari.
  9844 | D:8      | Killed Maurice
  9844 | D:8      | Reached XP level 10. HP: 72/90 MP: 10/10
  9882 | D:8      | Reached skill level 11 in Unarmed Combat
 10098 | D:8      | Noticed Joseph
 10115 | D:8      | Killed Joseph
 10493 | D:8      | Found a glowing golden altar of the Shining One.
 10493 | D:8      | Found a snail-covered altar of Cheibriados.
 10739 | D:9      | Found a shimmering altar of Xom.
 10742 | D:9      | Became a worshipper of Xom of Chaos
 10794 | D:9      | Reached skill level 12 in Unarmed Combat
 10803 | D:9      | Found a staircase to the Lair.
 10834 | D:9      | XOM: silly message
 11016 | D:9      | Gained mutation: Your body is slowly deteriorating. [potion of mutation]
 11017 | D:9      | Gained mutation: Your natural rate of healing is unusually fast. [potion of mutation]
 11053 | D:9      | XOM: noise
 11103 | D:9      | Found a staircase to the Orcish Mines.
 11132 | D:9      | Found a roughly hewn altar of Beogh.
 11133 | D:9      | XOM: polymorph orc -> hobgoblin
 11151 | D:9      | XOM: swap monsters
 11276 | D:10     | Entered Level 10 of the Dungeon
 11304 | D:10     | XOM: summons 8 friendly demons
 11398 | D:10     | XOM: cast spell 'Summon Dragon'
 11616 | D:10     | Reached XP level 11. HP: 95/95 MP: 11/11
 11640 | D:10     | XOM: cast spell 'Summon Swarm'
 11643 | D:10     | Noticed a hill giant
 11650 | D:10     | Killed a hill giant
 11650 | D:10     | Reached skill level 10 in Fighting
 11699 | D:10     | Noticed an unseen horror
 11699 | D:10     | XOM: enchant monster (good)
 11767 | D:10     | Killed an unseen horror
 11837 | D:10     | Found Etak's Armour Shoppe.
 11939 | D:10     | Found Haonn's Distillery.
 11943 | D:10     | Bought a potion of mutation for 30 gold pieces
 11943 | D:10     | Bought a potion of heal wounds for 36 gold pieces
 11946 | D:10     | Gained mutation: You have razor-sharp toenails. [potion of mutation]
 11946 | D:10     | Gained mutation: You have sharp fingernails. [potion of mutation]
 11946 | D:10     | Gained mutation: Your vision is a little blurry. [potion of mutation]
 12000 | D:10     | Found Pheq's Antique Armour Emporium.
 12022 | D:10     | Bought a pair of embroidered gloves for 135 gold pieces
 12070 | D:10     | XOM: harmless Fire miscast
 12153 | D:11     | XOM: noise
 12155 | D:11     | XOM: confuse monster(s)
 12159 | D:11     | Noticed a hill giant
 12169 | D:11     | XOM: summons friendly ufetubus
 12175 | D:11     | Killed a hill giant
 12240 | D:11     | XOM: colour smoke trail
 12287 | D:11     | XOM: chaos upgrade
 12304 | D:11     | XOM: summons 8 friendly demons
 12366 | D:11     | Noticed a hill giant
 12436 | D:10     | XOM: give mutations
 12436 | D:10     | Gained mutation: You are resistant to electric shocks. [Xom's mischief]
 12436 | D:10     | Lost mutation: You have razor-sharp toenails. [Xom's mischief]
 12440 | D:10     | Noticed a hill giant
 12444 | D:10     | XOM: blink monster(s)
 12452 | D:10     | XOM: chaos upgrade
 12457 | D:10     | XOM: confuse monster(s)
 12462 | D:10     | XOM: chaos upgrade
 12478 | D:9      | Reached skill level 13 in Unarmed Combat
 12538 | Lair:1   | Entered Level 1 of the Lair of Beasts
 12681 | Lair:1   | XOM: enchant monster (bad)
 12767 | Lair:1   | XOM: medium Hex miscast
 12882 | Lair:1   | XOM: harmless Hex miscast
 13529 | Lair:2   | Found a glowing golden altar of the Shining One.
 13565 | Lair:2   | XOM: harmless Trmt miscast
 13710 | Lair:2   | XOM: summons 5 hostile demons
 13948 | Lair:2   | XOM: scenery: create altars
 14334 | Lair:2   | XOM: cast spell 'Statue Form'
 14361 | Lair:2   | XOM: colour smoke trail
 14499 | Lair:2   | XOM: colour smoke trail
 14516 | Lair:2   | XOM: destruction
 14871 | Lair:3   | XOM: divination: magic mapping
 14975 | Lair:3   | XOM: summons friendly iron imp
 14979 | Lair:3   | XOM: potion effect (might)
 14986 | Lair:3   | Reached skill level 14 in Unarmed Combat
 15006 | Lair:3   | XOM: harmless Trmt miscast
 15227 | Lair:3   | Reached XP level 12. HP: 107/110 MP: 12/12
 15540 | Lair:4   | Found a hole to the Spider Nest.
 15718 | Lair:4   | Noticed Nergalle
 15738 | Lair:4   | Killed Nergalle
 16004 | Lair:4   | XOM: harmless Pois miscast
 16040 | Lair:4   | Found a snail-covered altar of Cheibriados.
 16182 | Lair:4   | XOM: cast spell 'Stoneskin'
 16351 | Lair:4   | Noticed a seven-headed hydra
 16361 | Lair:4   | Killed a seven-headed hydra
 16656 | Lair:4   | XOM: divination: detect creatures
 16931 | Lair:5   | Reached skill level 10 in Dodging
 17010 | Lair:5   | XOM: silly message
 17104 | Lair:5   | XOM: blink monster(s)
 17405 | Lair:5   | Found a staircase to the Swamp.
 17561 | Lair:5   | XOM: enchant monster (bad)
 17573 | Lair:5   | Reached skill level 15 in Unarmed Combat
 17785 | Lair:5   | XOM: summons 5 friendly demons
 18053 | Lair:6   | XOM: enchant monster (bad)
 18064 | Lair:6   | XOM: summons 8 friendly demons
 18119 | Lair:6   | XOM: harmless Divn miscast
 18141 | Lair:6   | XOM: potion effect (agility)
 18156 | Lair:6   | XOM: mild Tloc miscast
 18269 | Lair:6   | XOM: confuse monster(s)
 18281 | Lair:6   | XOM: mild Erth miscast
 18285 | Lair:6   | XOM: enchant monster (bad)
 18298 | Lair:6   | HP: 1/112 [death yak (16)]
 18299 | Lair:6   | XOM: 3-stop teleportation journey
 18343 | Lair:6   | Noticed a five-headed hydra
 18561 | Lair:6   | Noticed an eight-headed hydra
 18570 | Lair:6   | Killed an eight-headed hydra
 18675 | Lair:6   | XOM: enchant monster (bad)
 18680 | Lair:6   | XOM: snakes to sticks
 18683 | Lair:6   | Killed a five-headed hydra
 18683 | Lair:6   | Reached XP level 13. HP: 53/118 MP: 13/13
 18700 | Lair:6   | XOM: give mutations
 18700 | Lair:6   | Gained mutation: You have a pair of small horns on your head. [Xom's mischief]
 18700 | Lair:6   | Lost mutation: You are dopey. (Int -2) [Xom's mischief]
 18700 | Lair:6   | Lost mutation: Your natural rate of healing is unusually fast. [Xom's mischief]
 18700 | Lair:6   | Lost mutation: You have a pair of small horns on your head. [Xom's mischief]
 19223 | Lair:6   | XOM: potion effect (haste)
 19406 | Lair:6   | XOM: mild Trmt miscast
 19418 | Lair:6   | XOM: 1-stop teleportation journey
 19602 | Lair:6   | XOM: divination: detect items
 19726 | Lair:6   | Noticed Rupert
 19746 | Lair:6   | XOM: enchant monster (good)
 19752 | Lair:6   | Killed Rupert
 19940 | Lair:6   | XOM: god gift: scroll of teleportation
 20049 | Lair:6   | XOM: potion effect (brilliance)
 20379 | Lair:6   | XOM: summons friendly iron imp
 20580 | Lair:7   | Reached skill level 16 in Unarmed Combat
 20649 | Lair:7   | XOM: scenery: 1 doors open
 20767 | Lair:7   | Found a staircase to the Slime Pits.
 20817 | Lair:7   | XOM: summons 2 friendly demons
 20818 | Lair:7   | XOM: enchant monster (good)
 20819 | Lair:7   | XOM: snakes to sticks
 20902 | Lair:7   | XOM: blink monster(s)
 20946 | Lair:7   | XOM: harmless Tloc miscast
 21296 | Lair:7   | XOM: divine lightning (protected)
 21306 | Lair:7   | XOM: confuse monster(s)
 21496 | Lair:8   | Entered Level 8 of the Lair of Beasts
 21535 | Lair:8   | XOM: summons 4 hostile demons
 21542 | Lair:8   | XOM: god gift: embroidered cloak {god gift}
 22010 | Lair:8   | XOM: harmless Necr miscast
 22019 | Lair:8   | XOM: god gift: leather armour {god gift}
 22114 | Lair:8   | XOM: divination: detect creatures
 22117 | Lair:8   | XOM: swap monsters
 22121 | Lair:8   | XOM: divine lightning (protected)
 22180 | Lair:8   | XOM: summons 6 friendly demons
 22297 | Lair:8   | XOM: 4-stop teleportation journey
 22337 | Lair:8   | XOM: swap monsters
 22359 | Lair:8   | XOM: swap monsters
 22370 | Lair:8   | XOM: swap monsters
 22371 | Lair:8   | XOM: 5-stop teleportation journey
 22446 | Lair:8   | XOM: god gift: meat ration
 22456 | Lair:8   | XOM: summons 8 friendly demons
 22725 | Lair:8   | XOM: divination: detect items
 22792 | Lair:8   | XOM: cast spell 'Spider Form'
 22797 | Lair:8   | XOM: noise
 22814 | Lair:8   | XOM: mild Necr miscast
 22817 | Lair:8   | XOM: harmless Trmt miscast
 22833 | Lair:8   | XOM: cast spell 'Summon Swarm'
 22835 | Lair:8   | XOM: potion effect (curing)
 22856 | Lair:8   | XOM: 2-stop teleportation journey
 22877 | Lair:8   | XOM: noise
 22887 | Lair:8   | Reached XP level 14. HP: 35/129 MP: 14/14
 22947 | Lair:8   | XOM: harmless Ice miscast
 23039 | Lair:8   | Reached skill level 17 in Unarmed Combat
 23497 | Lair:8   | XOM: summons 2 hostile shadow creatures
 23587 | Lair:8   | XOM: harmless Divn miscast
 23596 | Lair:8   | XOM: mild Divn miscast
 23716 | Lair:8   | XOM: harmless Trmt miscast
 23939 | Lair:8   | XOM: blink monster(s)
 23954 | Lair:8   | XOM: enchant monster (good)
 24119 | Lair:8   | Found a blossoming altar of Fedhas.
 24352 | Lair:8   | XOM: summons 1 hostile demon
 24398 | Lair:8   | XOM: summons 4 hostile shadow creatures
 24563 | Lair:8   | XOM: noise
 24594 | Lair:8   | XOM: polymorph spriggan rider -> griffon
 24671 | Lair:8   | XOM: noise
 25184 | D:9      | Killed a hill giant
 25459 | D:11     | XOM: vitrification
 25460 | D:11     | Noticed a hill giant
 25467 | D:11     | XOM: summons 5 friendly demons
 25473 | D:11     | Killed a hill giant
 25586 | D:11     | XOM: medium Trmt miscast
 25595 | D:11     | Noticed a hill giant
 25602 | D:11     | Killed a hill giant
 25709 | D:11     | Found a burning altar of Makhleb.
 25714 | D:11     | XOM: confuse monster(s)
 25840 | D:11     | XOM: noise
 25843 | D:11     | XOM: god gift: potion of haste
 25854 | D:11     | Killed a hill giant
 25888 | D:11     | XOM: enchant monster (bad)
 25919 | D:11     | Noticed a hill giant
 25929 | D:11     | XOM: destruction
 25934 | D:11     | a hill giant changed into a satyr
 25934 | D:11     | XOM: polymorph hill giant -> satyr
 25937 | D:11     | XOM: harmless Necr miscast
 25943 | D:11     | XOM: confuse monster(s)
 26040 | D:10     | XOM: noise
 26286 | D:10     | XOM: mild Erth miscast
 26419 | D:11     | Noticed an eight-headed hydra
 26433 | D:11     | Killed an eight-headed hydra
 26541 | D:11     | XOM: silly message
 26614 | D:11     | Killed an unseen horror
 26614 | D:11     | Reached skill level 18 in Unarmed Combat
 26738 | D:11     | XOM: scenery: 2 doors open
 26801 | D:11     | XOM: harmless Chrm miscast
 27048 | D:11     | XOM: god gift: scroll labeled OTEYCL YCSOUDD
 27231 | D:11     | Gained mutation: Your spells are a little harder to cast, but a little more powerful. [potion of mutation]
 27251 | D:11     | Noticed a seven-headed hydra
 27262 | D:11     | Killed a seven-headed hydra
 27656 | D:12     | XOM: summons friendly blue devil
 28049 | D:12     | Got a transparent war axe
 28050 | D:12     | Identified the +4 war axe of Indomitability {speed, rC+ Stlth+} (You found it on level 12 of the Dungeon)
 28112 | D:12     | XOM: 2-stop teleportation journey
 28218 | D:12     | XOM: summons 10 friendly demons
 28407 | D:12     | XOM: confuse monster(s)
 28413 | D:12     | XOM: summons friendly iron imp
 28424 | D:12     | XOM: silly message
 28470 | D:12     | XOM: harmless Tloc miscast
 28522 | D:12     | XOM: polymorph iron imp -> white imp
 28896 | D:12     | Reached XP level 15. HP: 139/139 MP: 15/15
 28909 | D:12     | Found a blossoming altar of Fedhas.
 28930 | D:12     | XOM: silly message
 29237 | D:13     | Noticed Urug
 29259 | D:13     | Killed Urug
 29342 | D:13     | Noticed Harold
 29346 | D:13     | XOM: enchant monster (bad)
 29365 | D:13     | Killed Harold
 29451 | D:13     | XOM: summons 7 hostile demons
 29600 | D:13     | XOM: enchant monster (good)
 29677 | D:13     | Found a gate to the Vaults.
 29867 | D:14     | XOM: mild Necr miscast
 29879 | D:14     | XOM: polymorph green ugly thing -> satyr
 29882 | D:14     | XOM: confuse monster(s)
 29894 | D:14     | XOM: enchant monster (good)
 29907 | D:14     | XOM: harmless Chrm miscast
 30037 | D:14     | XOM: silly message
 30080 | D:14     | XOM: medium Ice miscast
 30147 | D:14     | XOM: mild Erth miscast
 30268 | D:14     | XOM: 1-stop teleportation journey
 30434 | D:15     | Entered Level 15 of the Dungeon
 30879 | D:15     | Found a staircase to the Depths.
 30894 | D:15     | XOM: enchant monster (bad)
 31021 | D:15     | XOM: silly message
 31052 | D:15     | XOM: medium Summ miscast
 31351 | D:15     | XOM: mild Chrm miscast
 31385 | D:15     | Reached skill level 15 in Fighting
 31448 | D:15     | XOM: noise
 31534 | D:15     | XOM: harmless Summ miscast
 31540 | D:15     | XOM: enchant monster (bad)
 31895 | D:12     | Learned a level 2 spell: Blink
 31898 | D:12     | Learned a level 2 spell: Repel Missiles
 32108 | Lair:4   | XOM: silly message
 32216 | Swamp:1  | Entered Level 1 of the Swamp
 32224 | Swamp:1  | XOM: confuse monster(s)
 32231 | Swamp:1  | Noticed FiftyNine's ghost (mighty OpVM)
 32231 | Swamp:1  | XOM: summons friendly crimson imp
 32237 | Swamp:1  | XOM: polymorph crimson imp -> iron imp
 32240 | Swamp:1  | XOM: cast spell 'Chain of Chaos'
 32246 | Swamp:1  | XOM: potion effect (haste)
 32254 | Swamp:1  | Killed FiftyNine's ghost
 32254 | Swamp:1  | Reached skill level 19 in Unarmed Combat
 32332 | Swamp:1  | XOM: harmless Erth miscast
 32501 | Swamp:1  | XOM: harmless Trmt miscast
 32553 | Swamp:1  | XOM: potion effect (haste)
 32566 | Swamp:1  | XOM is BORED!
 32566 | Swamp:1  | XOM: silly message
 32682 | Swamp:1  | XOM: divination: detect creatures
 32889 | Swamp:1  | XOM: potion effect (might)
 32891 | Swamp:1  | XOM: potion effect (agility)
 32893 | Swamp:1  | XOM: blink monster(s)
 32894 | Swamp:1  | XOM: silly message
 33227 | Swamp:2  | XOM: 2-stop teleportation journey
 33227 | Swamp:2  | Noticed Kirke
 33231 | Swamp:2  | XOM: swap monsters
 33234 | Swamp:2  | XOM: enchant monster (good)
 33237 | Swamp:2  | XOM: enchant monster (bad)
 33245 | Swamp:2  | Killed Kirke
 33352 | Swamp:2  | XOM: noise
 33430 | Swamp:2  | XOM: medium Summ miscast
 33440 | Swamp:2  | XOM: divination: magic mapping
 33453 | Swamp:2  | XOM: 8-stop teleportation journey
 33531 | Swamp:2  | Noticed Donald
 33537 | Swamp:2  | XOM: 2-stop teleportation journey
 33580 | Swamp:2  | XOM: harmless Summ miscast
 33588 | Swamp:2  | HP: 6/141 [swamp dragon] (6)]
 33589 | Swamp:2  | Succumbed to a swamp dragon's poison gas

Action                   |  1- 3 |  4- 6 |  7- 9 | 10-12 | 13-15 || total
-------------------------+-------+-------+-------+-------+-------++-------
Melee: Unarmed           |   131 |   172 |   621 |  1184 |  1945 ||  4053
 Abil: Breathe Steam     |       |       |     7 |     4 |     8 ||    19
Evoke: Wand              |       |     1 |     8 |    22 |     9 ||    40
  Use: Potion            |       |     7 |    10 |    16 |     8 ||    41
       Scroll            |       |     3 |    12 |    19 |    16 ||    50
 Stab: Sleeping          |     5 |     1 |    14 |     9 |    10 ||    39
       Distracted        |     1 |       |       |     2 |    11 ||    14
       Confused          |       |       |       |     3 |     8 ||    11
       Fleeing           |       |       |       |       |     1 ||     1
       Petrifying        |       |       |       |       |     1 ||     1
  Eat: Chunk             |     3 |     7 |    16 |    31 |    38 ||    95
       Fruit             |       |       |     5 |       |     6 ||    11
       Bread ration      |       |       |     1 |     2 |     1 ||     4
